 Dungeon Crawl Stone Soup version 0.30-a0-250-g41c1d76940 (webtiles) character file.

Game seed: 15739202851178038476

16040 jlumianski the Cleaver (level 12, -4/93 HPs)
             Began as a Demonspawn Gladiator on Oct 7, 2022.
             Was an Elder of Qazlal.
             Slain by a very large slime creature (25 damage)
             ... on level 12 of the Dungeon on Oct 13, 2022.
             The game lasted 00:53:46 (11947 turns).

jlumianski the Cleaver (Demonspawn Gladiator)      Turns: 11947, Time: 00:53:47

Health: -4/93      AC: 25    Str: 19    XL:     12   Next: 6%
Magic:  12/12      EV:  9    Int: 10    God:    Qazlal [****..]
Gold:   308        SH:  5    Dex: 15    Spells: 11/11 levels left

rFire   . . .      SeeInvis +    b - +6 battleaxe "Jumnibo" {spect, rPois}
rCold   . . .      Faith    .    (shield currently unavailable)
rNeg    . . .      Spirit   .    q - +4 chain mail
rPois   +          Reflect  .    (helmet unavailable)
rElec   .          Harm     .    n - +2 cloak
rCorr   +          Rampage  .    (no gloves)
Will    .....                    U - +2 pair of boots {Fly}
Stlth   ..........               g - amulet of magic regeneration
HPRegen 0.35/turn                Q - ring of resist corrosion
MPRegen 0.53/turn                (no ring)

@: flying, repel missiles
A: antennae 3, molten scales 2, ignite blood 2, spiny 1
a: Renounce Religion, Upheaval, Elemental Force


You were on level 12 of the Dungeon.
You worshipped Qazlal.
Qazlal was greatly pleased with you.
You visited 2 branches of the dungeon, and saw 14 of its levels.
You also visited: Bailey.

You collected 939 gold pieces.
You spent 631 gold pieces at shops.

Inventory:

Hand Weapons
 a - a +1 war axe of flaming
 b - the +6 battleaxe "Jumnibo" (weapon) {spect, rPois}
   (You bought it in a shop on level 5 of the Dungeon)

   When its wielder attacks, the weapon's spirit leaps out and strikes again.
   The spirit shares a part of any damage it takes with its wielder.
   rPois:     It protects you from poison.
 v - a +2 vampiric hand axe
 I - the +11 whip "Luhaira" {freeze, rC+}
   (You found it on level 11 of the Dungeon)

   It freezes those it strikes, dealing additional cold damage.
   It can also slow down cold-blooded creatures.
   rC:        It protects you from cold.
Missiles
 d - 3 throwing nets
 h - 11 poisoned darts
 B - a javelin (quivered)
 H - 32 boomerangs
 N - 6 curare-tipped darts
Armour
 n - a +2 cloak (worn)
 q - a +4 chain mail (worn)
 E - +0 acid dragon scales
 J - a +0 kite shield
 L - a +1 chain mail of fire resistance
 U - a +2 pair of boots of flying (worn)
Jewellery
 g - an amulet of magic regeneration (around neck)
 K - a ring of wizardry
 Q - a ring of resist corrosion (left hand)
 S - a +6 ring of intelligence
Wands
 o - a wand of flame (5)
 w - a wand of quicksilver (7)
 A - a wand of polymorph (8)
 D - a wand of paralysis (15)
Scrolls
 f - 2 scrolls of enchant weapon
 m - 3 scrolls of teleportation
 p - a scroll of enchant armour
 r - a scroll of amnesia
 t - a scroll of noise {unknown}
 u - 3 scrolls of fog
 y - a scroll of poison
 C - a scroll of magic mapping
 M - a scroll of torment {unknown}
Potions
 c - 2 potions of invisibility
 e - 2 potions of attraction
 i - 3 potions of heal wounds
 j - 5 potions of ambrosia
 k - 3 potions of mutation
 l - a potion of resistance
 s - 2 potions of curing
 x - 4 potions of haste
 z - a potion of magic
 F - a potion of lignification
 G - a potion of might
 O - 3 potions of berserk rage
Miscellaneous
 V - a phial of floods


   Skills:
 + Level 8.2 Fighting
 + Level 13.0 Axes
 + Level 2.3 Throwing
 + Level 9.4 Armour
 + Level 4.1 Dodging
 + Level 2.1 Stealth
 + Level 3.1 Shields
 + Level 0.5 Evocations


You had 11 spell levels left.
You didn't know any spells.
Your spell library contained the following spells:

 Spells                   Type           Power      Damage    Failure   Level
 Apportation              Tloc           0%         N/A       97%         1
 Magic Dart               Conj           0%         1d3       97%         1
 Necrotise                Necr           0%         1d4       97%         1
 Summon Small Mammal      Summ           0%         N/A       97%         1
 Ensorcelled Hibernation  Hex/Ice        0%         N/A       99%         2
 Passwall                 Tmut/Erth      0%         N/A       99%         2
 Searing Ray              Conj           0%         2d4       99%         2
 Call Canine Familiar     Summ           0%         N/A       100%        3
 Summon Guardian Golem    Hex/Summ       0%         N/A       100%        3
 Swiftness                Air            0%         N/A       100%        3
 Vhi's Electric Charge    Tloc/Air       0%         N/A       100%        3
 Fulminant Prism          Conj/Hex       0%         3d6       100%        4
 Arcjolt                  Conj/Air       0%         1d10      100%        5
 Fireball                 Conj/Fire      0%         3d3       100%        5
 Iskenderun's Battlesphe  Conj           0%         2d6       100%        5
 Yara's Violent Unravell  Hex/Tmut       0%         3d3       100%        5
 Conjure Ball Lightning   Conj/Air       0%         3x3d6     100%        6
 Enfeeble                 Hex            0%         N/A       100%        7
 Orb of Destruction       Conj           0%         9d5       100%        7
 Maxwell's Capacitive Co  Air            0%         ∞         100%        8


Dungeon Overview and Level Annotations

Branches:
Dungeon (13/15)            Temple (1/1) D:5            Lair (0/5) D:8
    Orc (0/2) D:10         Bailey (visited)
 Vaults: D:13-14

Altars:
Ashenzari
Cheibriados
Dithmenos
Fedhas
Gozag
Hepliaklqana
Kikubaaqudgha
Makhleb
Nemelex Xobeh
Okawaru
Qazlal
Ru
Sif Muna
Trog
Uskayaw
Vehumet
Xom

Shops:
D:4 *   D:5 =*?*(   D:6 [   D:11 !

Annotations:
D:6 2 runed translucent doors, koil's ghost, novice SpEn


Innate Abilities, Weirdness & Mutations

You have a pair of large antennae on your head. (SInv)
You are mostly covered in molten scales. (AC +3)
Your demonic aura often causes spilled blood to erupt in flames.
You are partially covered in sharp spines.


Message History

The slime creature quivers. x2
Two slime creatures merge to form a large slime creature.
Two slime creatures merge to form a very large slime creature.
The slime creature is engulfed in blazing flames.
The slime creature hits you but does no damage.
The slime creature is engulfed in blazing flames.
You barely miss the slime creature.
The slime creature is lightly wounded.
You slash the slime creature!
Your +6 battleaxe "Jumnibo" {spect, rPois} hits the slime creature!!
Your +6 battleaxe "Jumnibo" {spect, rPois} hits the slime creature!
The slime creature is engulfed in blazing flames.
You kill the slime creature!
Qazlal accepts your kill.
A slime creature comes into view.
The slime creature is struck by your spines.
The slime creature hits you!
You slash the slime creature!
The slime creature is heavily wounded.
Your +6 battleaxe "Jumnibo" {spect, rPois} hits the slime creature!
The slime creature closely misses your +6 battleaxe "Jumnibo" {spect, rPois}.
You slice the slime creature!!
You kill the slime creature!
Qazlal accepts your kill.
Your Axes skill increases to level 13!
Unknown command.
You completely miss the very large slime creature.
Your +6 battleaxe "Jumnibo" {spect, rPois} completely misses the very large slime creature.
The very large slime creature is engulfed in freezing vapours.
The very large slime creature is struck by your spines.
The very large slime creature hits you!!!
* * * LOW HITPOINT WARNING * * *
The very large slime creature is engulfed in freezing vapours.
The very large slime creature is struck by your spines.
The very large slime creature closely misses you.
The very large slime creature is engulfed in freezing vapours.
The slime creature is engulfed in blazing flames.
The very large slime creature attacks as you move away!
The very large slime creature hits you!!
You die...

#.......# #.......# .
#.......## .. #.......^#
...####........#
........○......#
.......°○.○....##########
{.......JJ@............)># .J
####..○...............#.#
.†.{#####...○°######.......#§#
....J.†{#.....# #.......#.#
#######.#.....# #########.#
#.#.....# #.# #..###### #.#
######..## #.# #........###
#.##


You could see a very large slime creature and a slime creature.

Vanquished Creatures
  3 two-headed ogres
  Sonja (D:12)
  5 skeletal warriors (D:10)
  2 orc knights
  An ugly thing (D:12)
  A cyclops (D:11)
  A manticore (D:11)
  An ice devil (D:9)
  A hellwing (D:9)
  2 trolls (D:11)
  A hornet (D:9)
  4 slime creatures
  A wraith (D:11)
  12 yaks
  2 wyverns
  2 chaos spawn
  A steam dragon (D:10)
  2 acid dragons
  3 water moccasins
  2 black bears
  12 orc warriors
  A sky beast (D:6)
  3 centaurs
  2 ogres
  2 kobold brigands
  A bullfrog (D:8)
  A necrophage (D:4)
  A scorpion (D:5)
  14 killer bees
  2 howler monkeys (D:10)
  4 quasits
  A gnoll bouda (Temple)
  3 jellies
  9 orc priests
  3 hounds
  Jessica (D:2)
  4 iguanas
  23 orc wizards
  4 gnolls (D:4)
  5 adders
  A shadow imp (D:7)
  A white imp (D:6)
  4 worms
  A dart slug (D:3)
  52 orcs
  6 ball pythons
  3 bats
  7 endoplasms
  A giant cockroach (D:4)
  16 goblins
  8 hobgoblins
  4 jackals (D:2)
  A quokka (D:3)
  4 frilled lizards
  27 kobolds
  4 rats
284 creatures vanquished.

Vanquished Creatures (others)
  A slime creature (D:12)
  A yak (D:12)
  4 demonic plants (D:10)
  9 plants (D:2)
  10 withered plants (D:2)
25 creatures vanquished.

Grand Total: 309 creatures vanquished

Notes
Turn   | Place    | Note
-------+----------+-------------------------------------------
     0 | D:1      | jlumianski the Demonspawn Gladiator began the quest for the
                  | Orb.
     0 | D:1      | Reached XP level 1. HP: 16/16 MP: 1/1
   278 | D:1      | Reached skill level 3 in Axes
   327 | D:1      | Gained mutation: You are partially covered in molten
                  | scales. (AC +2) [demonic ancestry]
   327 | D:1      | Reached XP level 2. HP: 22/22 MP: 2/2
   965 | D:2      | Gained mutation: You have a pair of small antennae on your
                  | head. [demonic ancestry]
   965 | D:2      | Reached XP level 3. HP: 9/28 MP: 3/3
  1079 | D:2      | Found a faded altar of an unknown god.
  1329 | D:2      | Noticed Jessica
  1334 | D:2      | Killed Jessica
  1335 | D:2      | Gained mutation: You are partially covered in sharp spines.
                  | [demonic ancestry]
  1335 | D:2      | Reached XP level 4. HP: 34/34 MP: 4/4
  1701 | D:3      | Reached skill level 4 in Axes
  2123 | D:3      | Reached skill level 1 in Armour
  2477 | D:4      | Noticed a necrophage
  2494 | D:4      | Killed a necrophage
  2495 | D:4      | Gained mutation: You have a pair of antennae on your head.
                  | [demonic ancestry]
  2495 | D:4      | Reached XP level 5. HP: 35/39 MP: 5/5
  2607 | D:5      | Entered Level 5 of the Dungeon
  2768 | D:5      | Found Ledinon's General Store.
  2906 | D:5      | Noticed an ogre
  2926 | D:4      | Reached XP level 6. HP: 47/47 MP: 6/6
  2950 | D:4      | Reached skill level 5 in Axes
  3247 | D:4      | Found Quves's Assorted Antiques.
  3620 | D:5      | Upgraded the game from 0.30-a0-219-gf2db51d15e to
                  | 0.30-a0-250-g41c1d76940
  3683 | D:5      | Noticed a water moccasin
  3702 | D:4      | Killed a water moccasin
  3703 | D:4      | Reached XP level 7. HP: 17/52 MP: 7/7
  3904 | D:5      | Identified the +1 ring mail of Duty {Str+6 Int+2}
  3942 | D:5      | Reached skill level 6 in Axes
  4015 | D:5      | Found Mieletz's Weapon Shoppe.
  4054 | D:5      | Identified the +0 scale mail of Orghod {Will+}
  4131 | D:5      | Found Areduf's Jewellery Boutique.
  4157 | D:5      | Found Banikis's General Store.
  4181 | D:5      | Found Vacorywk's Magic Scroll Shoppe.
  4190 | D:5      | Found a staircase to the Ecumenical Temple.
  4204 | Temple   | Entered the Ecumenical Temple
  4255 | Temple   | Became a worshipper of Qazlal Stormbringer
  4691 | D:6      | Reached skill level 7 in Axes
  4691 | D:6      | Gained mutation: Your demonic aura sometimes causes spilled
                  | blood to erupt in flames. [demonic ancestry]
  4691 | D:6      | Reached XP level 8. HP: 42/60 MP: 8/8
  4776 | D:6      | Found a large runed translucent door.
  4776 | D:6      | Found a large runed translucent door.
  5014 | D:6      | Found Jyklyid's Armour Shoppe.
  5141 | D:6      | Noticed koil's ghost (novice SpEn)
  5408 | D:6      | Found a broken altar of Ashenzari.
  5920 | D:7      | Found an ancient bone altar of Kikubaaqudgha.
  6527 | D:9      | Reached skill level 8 in Axes
  6572 | D:9      | Found a flagged portal.
  6595 | D:9      | Reached skill level 5 in Armour
  6644 | D:9      | Reached * piety under Qazlal
  6645 | D:9      | Reached skill level 1 in Stealth
  6657 | D:9      | Reached XP level 9. HP: 43/67 MP: 9/9
  6674 | Bailey   | Entered a bailey
  6797 | Bailey   | Reached skill level 5 in Fighting
  6935 | Bailey   | Noticed an orc knight
  6959 | Bailey   | Killed an orc knight
  6960 | Bailey   | Reached skill level 9 in Axes
  7190 | D:9      | Paralysed by a hornet for 1 turns
  7739 | D:8      | Found a staircase to the Lair.
  7889 | D:5      | Bought the +6 battleaxe "Jumnibo" {spect, rPois} for 631
                  | gold pieces
  8081 | D:7      | Reached ** piety under Qazlal
  8100 | D:7      | Found an iron altar of Okawaru.
  8209 | D:7      | Found a burning altar of Makhleb.
  8678 | D:9      | Gained mutation: Your demonic aura often causes spilled
                  | blood to erupt in flames. [demonic ancestry]
  8678 | D:9      | Reached XP level 10. HP: 61/76 MP: 10/10
  8748 | D:10     | Entered Level 10 of the Dungeon
  8756 | D:10     | Noticed an orc knight
  8757 | D:10     | Found a staircase to the Orcish Mines.
  8773 | D:9      | Killed an orc knight
  8792 | D:10     | Reached skill level 10 in Axes
  8792 | D:10     | Reached skill level 1 in Shields
  9476 | D:9      | Reached *** piety under Qazlal
  9646 | D:11     | Noticed a two-headed ogre
  9648 | D:11     | Reached skill level 11 in Axes
  9662 | D:10     | Killed a two-headed ogre
  9663 | D:10     | Gained mutation: You are mostly covered in molten scales.
                  | (AC +3) [demonic ancestry]
  9663 | D:10     | Reached XP level 11. HP: 65/84 MP: 11/11
  9723 | D:10     | Found a shimmering blue altar of Sif Muna.
 10208 | D:11     | Noticed a skeletal warrior
 10214 | D:11     | Noticed a skeletal warrior
 10220 | D:10     | Killed a skeletal warrior
 10225 | D:11     | Noticed a skeletal warrior
 10236 | D:10     | Killed a skeletal warrior
 10236 | D:10     | Killed a skeletal warrior
 10439 | D:11     | Reached skill level 12 in Axes
 10489 | D:12     | Noticed a deep elf pyromancer
 10531 | D:11     | Found Beillu's Distillery.
 10671 | D:11     | Reached **** piety under Qazlal
 10756 | D:11     | Noticed a skeletal warrior
 10759 | D:11     | Noticed a skeletal warrior
 10793 | D:10     | Killed a skeletal warrior
 10862 | D:10     | Killed a skeletal warrior
 11274 | D:11     | Identified the +11 whip "Luhaira" {freeze, rC+}
 11520 | D:12     | Noticed Sonja
 11524 | D:12     | Killed Sonja
 11629 | D:12     | Noticed a two-headed ogre
 11632 | D:12     | Killed a two-headed ogre
 11679 | D:12     | Noticed a red ugly thing
 11682 | D:12     | Killed a red ugly thing
 11916 | D:13     | Noticed a necromancer
 11916 | D:13     | Noticed a centaur warrior
 11917 | D:13     | Noticed a two-headed ogre
 11924 | D:12     | Killed a two-headed ogre
 11925 | D:12     | Gained mutation: You have a pair of large antennae on your
                  | head. (SInv) [demonic ancestry]
 11925 | D:12     | Reached XP level 12. HP: 71/93 MP: 12/12
 11944 | D:12     | Reached skill level 13 in Axes
 11947 | D:12     | Slain by a very large slime creature

Illustrated notes

Levels and vault maps discovered:
D:1:      sevenhm_arrival_forest_fort_large_2, layout_loops_ring
D:2:      layout_basic, shapermc_ecumenical_altar_flowoftime, uniq_jessica
D:3:      layout_basic, st_stairs_7
D:4:      layout_basic, serial_shops, nicolae_shop_advertising_works
          [nicolae_subvault_shop_adworks]
D:5:      layout_basic, minmay_temple_entry_drinking_statues, serial_shops,
          shop_statue, nicolae_shop_statue_plus, kennysheep_mini,
          nicolae_shop_crystal, nicolae_shop_stone
D:6:      layout_basic, mainiacjoe_overflow_24_doors, elyvilon_altar_4,
          ebering_ghost_disaster_area, serial_shops, nicolae_inconvenience_store
D:7:      layout_cave_pools, nicolae_overflow_hidden_temple,
          overflow_temple_1_default, okawaru_altar_gauntlet_db,
          dreamdust_princess_corridor
D:8:      layout_loops_cross, lair_entry_dummy
D:9:      layout_rooms, enter_bailey_5
D:10:     nicolae_cairo_tiling, layout_rooms,
          mainiacjoe_overflow_small_starburst, orc_david_3, serial_demonic,
          serial_demonic_a, serial_demonic_f, serial_demonic_f, serial_demonic_d
D:11:     layout_basic, serial_shops, nicolae_lakefront_shop
D:12:     minmay_evil_eye, layout_basic, uniq_sonja, uniq_azrael
D:13:     layout_layer_cave, david_vaults_1
Temple:   eino_temple_lava

Skill      XL: |  1  2  3  4  5  6  7  8  9 10 11 12 |
---------------+-------------------------------------+-----
Axes           | 3 4 5 7 8 9 11 12 13 | 13.0
Dodging        | 3 4 |  4.1
Armour         | 1 2 3 5 7 8 9 |  9.4
Fighting       | 3 4 6 7 8 |  8.2
Stealth        | 1 2 |  2.1
Throwing       | 2 |  2.3
Shields        | 1 3 |  3.1
Evocations     | |  0.5

Action                   |  1- 3 |  4- 6 |  7- 9 | 10-12 || total
-------------------------+-------+-------+-------+-------++-------
Melee: War axe           |    54 |    13 |       |       ||    67
       Hand axe          |    26 |   139 |   304 |       ||   469
       Punch             |       |     2 |     2 |       ||     4
       Whip              |       |     1 |       |       ||     1
       Battleaxe         |       |       |    23 |   138 ||   161
 Fire: Sling             |       |     2 |       |       ||     2
Throw: Javelin           |     1 |     2 |     3 |       ||     6
       Dart              |     1 |       |       |       ||     1
Evoke: Wand              |       |     2 |     1 |       ||     3
  Use: Potion            |     1 |     3 |     5 |       ||     9
       Scroll            |       |     9 |     4 |    10 ||    23
 Stab: Distracted        |       |       |       |     1 ||     1
Armor: Chain mail        |    38 |       |   191 |   103 ||   332
       Plate armour      |    12 |    79 |    43 |       ||   134
Dodge: Dodged            |    25 |    40 |   127 |    76 ||   268
       Repelled          |       |       |       |     1 ||     1
Block: Other             |       |       |    12 |    36 ||    48

Table legend: (Time is in decaauts)
 A = Elapsed time spent in this place.
 B = Non-inter-level travel time spent in this place.
 C = Inter-level travel time spent in this place.
 D = Time resting spent in this place.
 E = Time spent auto-exploring this place.
 F = Levels seen in this place.
 G = Mean time per level.
                   A        B        C        D        E       F      G
               +--------+--------+--------+--------+--------+-----+--------+
         Total |  12035 |  11598 |    437 |   1126 |   6049 |  15 |  802.3 |
       Dungeon |  11487 |  11050 |    437 |   1126 |   6001 |  13 |  883.6 |
        Temple |     93 |     93 |      0 |      0 |      0 |   1 |   93.0 |
        Bailey |    455 |    455 |      0 |      0 |     48 |   1 |  455.0 |
               +--------+--------+--------+--------+--------+-----+--------+

Top non-repeatable levels by time:
     D:4: 1339 daAuts
     D:6: 1316 daAuts
     D:8: 1171 daAuts
    D:11: 1081 daAuts
    D:10: 1007 daAuts
     D:7: 937 daAuts
     D:9: 929 daAuts
     D:2: 863 daAuts
     D:5: 825 daAuts
     D:3: 812 daAuts
     D:1: 762 daAuts
  Bailey: 455 daAuts
    D:12: 426 daAuts
  Temple: 93 daAuts
    D:13: 13 daAuts
